 Dungeon Crawl Stone Soup version 0.29.1-15-g9cfb28693d (webtiles) character file.

Game seed: 8489765751655000732

128 Gabide the Trooper (level 5, -2/57 HPs)
             Began as an Ogre Monk on Apr 16, 2023.
             Killed by divine providence
             ... invoked by an orc priest
              (15 damage)
             ... on level 3 of the Dungeon.
             The game lasted 00:02:46 (3170 turns).

Gabide the Trooper (Ogre Monk)                      Turns: 3170, Time: 00:02:47

Health: -2/57      AC:  5    Str: 17    XL:     5   Next: 12%
Magic:  5/5        EV: 11    Int: 17    God:
Gold:   121        SH:  0    Dex: 14    Spells: 4/4 levels left

rFire   . . .      SeeInvis .   a - +0 war axe
rCold   . . .      Faith    .   (no shield)
rNeg    . . .      Spirit   .   b - +0 robe
rPois   .          Reflect  .   e - +2 hat "Jomefyc" {Dex+3}
rElec   .          Harm     .   (no cloak)
rCorr   .          Rampage  .   (gloves unavailable)
Will    .....                   (boots unavailable)
Stlth   +.........              (no amulet)
HPRegen 0.19/turn               i - +6 ring of intelligence
MPRegen 0.09/turn               (no ring)

@: confused, ambrosia-drunk
A: large, unfitting armour, tough skin 1
a: no special abilities


You were on level 3 of the Dungeon.
You visited 1 branch of the dungeon, and saw 3 of its levels.

You collected 121 gold pieces.

Inventory:

Hand Weapons
 a - a +0 war axe (weapon)
Armour
 b - a +0 robe (worn)
 e - the +2 hat "Jomefyc" (worn) {Dex+3}
   (You acquired it on level 2 of the Dungeon)

   Dex:       It affects your dexterity (+3).
Jewellery
 i - a +6 ring of intelligence (left hand)
Scrolls
 f - a scroll of summoning {unknown}
Potions
 g - 2 potions of cancellation {unknown}
 h - a potion of magic {unknown}
 j - a potion of might {unknown}
 k - a potion of mutation {unknown}


   Skills:
 + Level 5.4 Fighting
 + Level 4.0 Axes
 + Level 3.6 Dodging
 - Level 1.4 Stealth


You had 4 spell levels left.
You didn't know any spells.
Your spell library was empty.

Dungeon Overview and Level Annotations

Branches:
Dungeon (3/15)

Altars:
Fedhas


Innate Abilities, Weirdness & Mutations

You are too large for most types of armour.
You have tough skin. (AC +1)


Message History

The adder is almost dead.
You hit the orc. The adder barely misses you.
The orc hits you but does no damage.
The orc priest hits you but does no damage.
The adder barely misses you.
You closely miss the adder.
The adder is almost dead.
You hit the orc.
You kill the orc!
The adder bites you but does no damage.
The orc priest hits you from afar with a +0 trident!
The adder barely misses you. The orc priest closely misses you.
You closely miss the adder.
The adder is almost dead.
The adder misses you.
The orc priest mumbles some strange prayers to Beogh against you.
Beogh smites you!
* * * LOW HITPOINT WARNING * * *
You slash the adder!
You kill the adder!
The orc priest hits you from afar with a +0 trident.
* * * LOW HITPOINT WARNING * * *
You feel much better.
The orc priest invokes the aid of Beogh against you.
Beogh smites you!
Found a runed scarf.
Found a stone staircase leading down.
The orc priest hits you with a +0 trident.
You see here a +0 flail.
You slash the orc priest!
The orc priest is severely wounded.
The orc priest mumbles some strange prayers to Beogh against you.
Beogh smites you!
* * * LOW HITPOINT WARNING * * *
You are confused.
You feel invigorated. The orc priest completely misses you.
The orc priest hits you with a +0 trident.
* * * LOW HITPOINT WARNING * * *
The orc priest mumbles some strange prayers to Beogh against you.
Beogh smites you!
You die...

..........#.....# ..
................######...
.........................
.........##..#...........
....#....................
...##..........#.........
...............#†.......#
................)o......#
..............)@........
##......................
.............#.........
#...#.#......#...#.....
....#.#......#####[....
#. #.#<.....# ....
#....... >.. #......##
###


You could see an orc priest.

Vanquished Creatures
  6 adders
  2 dart slugs
  3 orcs (D:3)
  5 endoplasms
  A giant cockroach (D:2)
  7 goblins
  5 hobgoblins
  3 jackals (D:1)
  8 quokkas
  5 ball pythons
  5 bats
  5 frilled lizards
  2 kobolds (D:2)
  11 rats
68 creatures vanquished.

Notes
Turn   | Place    | Note
-------+----------+-------------------------------------------
     0 | D:1      | Gabide the Ogre Monk began the quest for the Orb.
     0 | D:1      | Reached XP level 1. HP: 24/24 MP: 1/1
   209 | D:1      | Reached XP level 2. HP: 27/32 MP: 2/2
   638 | D:1      | Found a faded altar of an unknown god.
   644 | D:1      | Reached XP level 3. HP: 38/40 MP: 3/3
  1696 | D:2      | Reached XP level 4. HP: 10/49 MP: 4/4
  2038 | D:2      | Reached skill level 5 in Fighting
  2981 | D:2      | Identified a scroll of acquirement
  2981 | D:2      | Acquired the +2 hat "Jomefyc" {Dex+3}
  3119 | D:3      | Found a blossoming altar of Fedhas.
  3153 | D:3      | Reached XP level 5. HP: 57/57 MP: 5/5
  3170 | D:3      | Killed from afar by an orc priest

Illustrated notes

Levels and vault maps discovered:
D:1:      dpeg_arrival_rooms_b, layout_loops_ring,
          dreamdust_ecumenical_altar_statues, minmay_vboxes
D:2:      layout_loops_ring, minmay_rat_gold_closets
D:3:      layout_basic, nicolae_hepliaklqana_hazy_memory,
          chequers_temple_overflow_statue_of_worship, lemuel_round_altar,
          minmay_checkerbox

Skill      XL: |  1  2  3  4 |
---------------+-------------+-----
Dodging        | 3 |  3.6
Fighting       | 5 |  5.4
Axes           | 4 |  4.0
Stealth        | |  1.4

Action                   |  1- 3 |  4- 6 || total
-------------------------+-------+-------++-------
Melee: Hand axe          |   130 |       ||   130
       War axe           |    22 |    85 ||   107
       Punch             |       |     1 ||     1
  Use: Scroll            |     3 |     1 ||     4
       Potion            |       |     2 ||     2
 Stab: Sleeping          |     3 |     6 ||     9
Armor: Robe              |    45 |    38 ||    83
Dodge: Dodged            |    74 |    60 ||   134
